 Dungeon Crawl Stone Soup version 0.16.1-4-g8e1b745 (webtiles) character file.

285051 Fluffy the Executioner (level 20, -7/193 HPs)
             Began as a Hill Orc Fighter on Mar 25, 2015.
             Was the Champion of Qazlal.
             Killed from afar by a hellephant (75 damage)
             ... with a blast of flame
             ... on level 1 of the Abyss on Mar 26, 2015.
             The game lasted 03:50:08 (44089 turns).

Fluffy the Executioner (Hill Orc Fighter)          Turns: 44089, Time: 03:50:08

Health: -7/193     AC: 32    Str: 31    XL:     20   Next: 60%
Magic:  39/39      EV:  9    Int: 11    God:    Qazlal [******]
Gold:   2694       SH:  8    Dex:  7    Spells: 0 memorised, 19 levels left

rFire  . . .     SeeInvis +     D - +9 executioner's axe (chop)
rCold  . . .     Clarity  .     w - +2 plate armour {MR+}
rNeg   + + .     SustAb   .     (no shield)
rPois  +         Gourm    .     V - +0 helmet
rElec  .         Spirit   .     P - +0 cloak {+Inv}
rCorr  .         Warding  .     v - +1 pair of gloves of Unuz {Str+3 Int+5}
rMut   .         Stasis   .     M - +0 pair of boots
MR     ++...                    h - amulet of regeneration
Stlth  ..........               g - ring of see invisible
                                W - ring "Fewkosm" {+Inv rPois rN++ Dex-3}

@: protected from physical damage, repel missiles, very resistant to hostile
enchantments, extremely unstealthy
A: dopey 1, mutation resistance 1, sense surroundings 1
a: Upheaval, Elemental Force, Disaster Area, Renounce Religion, Evoke
Invisibility
}: 2/15 runes: decaying, serpentine


You were on level 1 of the Abyss.
You worshipped Qazlal.
Qazlal was exalted by your worship.
You were very hungry.

You visited 6 branches of the dungeon, and saw 40 of its levels.
You visited the Abyss 2 times.
You also visited: Labyrinth and Ice Cave.

You collected 4337 gold pieces.
You spent 1643 gold pieces at shops.

Inventory:

Hand weapons
 q - the +6 whip of Departure {drain, rF+ Stlth+}
   (You found it in an ice cave)

   A truly terrible weapon, it drains the life of those it strikes.
   It protects you from fire.
   It makes you more stealthy.
 r - a +0 vampiric battleaxe
 D - a +9 executioner's axe of chopping (weapon)
Armour
 v - the +1 pair of gloves of Unuz (worn) {Str+3 Int+5}
   (You found it on level 3 of the Lair of Beasts)

   It affects your strength (+3).
   It affects your intelligence (+5).
 w - a +2 plate armour of magic resistance (worn)
 M - a +0 pair of boots (worn)
 P - a +0 cloak of invisibility (worn)
 V - a +0 helmet (worn)
Jewellery
 g - a ring of see invisible (right hand)
 h - an amulet of regeneration (around neck)
 n - an uncursed ring of sustain abilities
 F - an uncursed ring of protection from magic
 H - the ring of Freedom {rN+ EV-3}
   (You took it off a minotaur in a labyrinth)

   [ring of evasion]

   It affects your evasion (-3).
   It protects you from negative energy.
 K - the ring "Jieb" {Fire rPois Slay+2}
   (You bought it in a shop on level 4 of the Orcish Mines)

   [ring of fire]

   It enhances your fire magic, and weakens your ice magic.
   It affects your accuracy and damage with ranged weapons and melee attacks
   (+2).
   It protects you from fire.
   It makes you vulnerable to cold.
   It protects you from poison.
 O - an uncursed amulet of clarity
 W - the ring "Fewkosm" (left hand) {+Inv rPois rN++ Dex-3}
   (You found it on level 8 of the Lair of Beasts)

   [ring of invisibility]

   It affects your dexterity (-3).
   It protects you from poison.
   It greatly protects you from negative energy.
   It lets you turn invisible.
 Y - an uncursed ring of protection from fire
Magical devices
 a - a wand of digging (21)
 c - a wand of teleportation (3)
 t - a wand of fireball (6)
 B - a wand of digging (3)
 J - a wand of fireball (6)
 Q - a wand of lightning (3)
 R - a wand of digging (20)
 S - a wand of lightning (6)
Scrolls
 b - 19 scrolls of identify
 k - a scroll of magic mapping
 o - 10 scrolls of teleportation
 p - 10 scrolls of enchant armour
 s - 19 scrolls of remove curse
 y - 4 scrolls of recharging
 N - 4 scrolls of blinking
 U - a scroll of silence
Potions
 e - 4 potions of heal wounds
 f - 3 potions of haste
 j - 3 potions of resistance
 m - 19 potions of curing
 x - 4 potions of agility
 z - 7 potions of restore abilities
 E - 3 potions of flight
 I - 3 potions of invisibility
 L - 7 potions of might
 T - 2 potions of magic
 X - 2 potions of cure mutation
 Z - a potion of beneficial mutation
Comestibles
 d - 17 meat rations
 l - 15 bread rations
 u - 14 royal jellies
 A - 3 beef jerkies
 C - 18 fruits
 G - 6 slices of pizza


   Skills:
 + Level 20.2 Fighting
 + Level 22.9 Axes
 + Level 18.9 Armour
   Level 3.2 Shields
 + Level 21.6 Invocations


You had 19 spell levels left.
You didn't know any spells.

Dungeon Overview and Level Annotations

Branches:
Dungeon (15/15)            Temple (0/1) D:6            Lair (8/8) D:8
  Swamp (5/5) Lair:5        Snake (5/5) Lair:4        Slime (0/6) Lair:6
    Orc (4/4) D:9             Elf (3/3) Orc:3        Vaults (0/5) D:14
 Depths (0/5) D:15

Altars:
Ashenzari
Cheibriados
Elyvilon
Fedhas
Gozag
Nemelex Xobeh
Qazlal
Ru
Sif Muna
Vehumet
Xom
Yredelemnul
Zin
The Shining One
Beogh

Shops:
D:4 }   D:6 }[   D:9 ![   D:13 (   Orc:4 [(*=   Elf:2 *

Portals:
Trove: D:15 (give 2 scrolls of acquirement)

Annotations:
D:6 1 runed door
D:15 Sonja


Innate Abilities, Weirdness & Mutations

You are dopey. (Int -2)
You are somewhat resistant to further mutation.
You passively map a small area around you.


Message History

The deep elf fighter shoots an arrow of flame.
You block the arrow of flame.
The deep elf sorcerer gestures at you while chanting.
You resist with almost no effort.
You feel sick.
You are no longer poisoned.
There is an open door, spattered with blood here.
You see here a scimitar of flaming.
The deep elf sorcerer points at you and mumbles some strange words.
You are cast into the Abyss!
To return, you must find a gate leading back.
Welcome to the Abyss!
You sense a powerful magical force warping space.
You start resting.
You hear a horrible gurgling sound!
You hear a chilling moan.
Found 18 stones.
The hellephant breathes flames at you. The blast of flame hits you!
You die...

#.# ..... ..#...
...... ....#
###.(.#
##.#####.#...#
#....Y...@ยงยง.#
#.#.#######....#
#..#..# .... .
..... .#.. .. #


You could see a hellephant.

Vanquished Creatures
  the Lernaean hydra (Swamp:5)
  Saint Roka (Elf:1)
  2 deep elf blademasters
  Asterion (Elf:2)
  2 tentacled starspawn
  Rupert (Lair:6)
  3 thorn hunters
  Frances (Swamp:5)
  Roxanne (Swamp:5)
  A frost giant (D:15)
  Donald (Snake:1)
  Wiglaf (Elf:2)
  Aizul (Snake:1)
  Louise (Swamp:5)
  8 greater nagas (Snake:5)
  2 orc warlords (Orc:3)
  Jorgrun (Swamp:4)
  A very ugly thing (Abyss:2)
  5 deep elf annihilators
  Snorg (Lair:4)
  2 deep elf death magi (Elf:3)
  A minotaur (Lab)
  A green death (Abyss:1)
  Josephine (Snake:1)
  A deep elf high priest (Elf:1)
  Fannar (Lair:7)
  2 ice dragons
  A quicksilver dragon skeleton (Abyss:2)
  14 naga warriors
  26 hydras
  2 catoblepae
  14 anacondas
  Erica (D:15)
  15 dancing weapons (Elf:2)
  3 centaur warriors
  10 alligators
  2 tengu warriors
  10 death yaks
  2 orc high priests (Orc:3)
  5 naga sharpshooters
  5 shock serpents
  Nergalle (D:10)
  A wretched star (Abyss:1)
  2 ice devils
  13 large abominations
  4 skeletal warriors (D:11)
  A wizard (D:14)
  15 deep elf knights
  An unseen horror (D:9)
  2 spriggan druids
  4 salamander mystics
  3 ice statues (IceCv)
  5 naga ritualists
  19 swamp dragons
  12 deep elf conjurers
  An obsidian statue (D:11)
  5 deep elf summoners
  2 lindwurms (Lair:8)
  9 mana vipers
  8 hill giants
  4 orc knights (Orc:3)
  2 necromancers
  5 orc sorcerers
  2 griffons (Lair:5)
  2 cyclopes
  2 oklob plants (Lair:5)
  12 salamanders
  A worldbinder (Abyss:2)
  A shining eye (Abyss:2)
  4 ugly things
  2 centaur zombies
  A manticore (D:13)
  2 smoke demons
  34 black mambas
  14 guardian serpents
  7 elephants
  Joseph (D:10)
  A dire elephant zombie (Abyss:1)
  2 apocalypse crabs
  21 naga magi
  A hornet (Swamp:4)
  18 spiny frogs
  4 gargoyles
  A rust devil (Abyss:2)
  2 orange demons
  7 torpor snails
  A yaktaur (D:15)
  2 kobold demonologists
  A queen ant (Lair:1)
  2 ancient zymes
  2 tengu conjurers (D:14)
  9 komodo dragons
  2 efreet
  15 deep elf priests
  3 fire drakes
  2 wandering mushrooms (Lair:5)
  A red devil (D:11)
  A jumping spider (Elf:2)
  7 raiju
  2 hellwings
  5 blue devils (IceCv)
  10 polar bears
  8 giant leeches
  9 trolls
  Grinder (D:6)
  15 slime creatures
  Prince Ribbit (D:7)
  17 ravens
  A boulder beetle (Lair:8)
  5 bog bodies
  2 two-headed ogres (D:11)
  A trapdoor spider (Lab)
  20 blink frogs
  An air elemental (Abyss:4)
  4 basilisks
  2 basilisks (shapeshifter)
  The ghost of Zapata the Cudgeler, an average KoBe of Trog (D:4)
  2 shadows
  A ynoxinul (Abyss:2)
  27 deep elf magi
  A redback (Elf:2)
  37 yaks
  2 trapdoor spider zombies
  2 spriggans (Lair:4)
  A vampire (Abyss:2)
  A flying skull (Abyss:3)
  2 wyverns
  A water elemental (D:11)
  3 fire bats (Abyss:3)
  2 hungry ghosts
  3 wraiths (Snake:1)
  A neqoxec (Abyss:4)
  Grum (D:10)
  17 vampire mosquitoes
  3 chaos spawn (Abyss:2)
  4 hippogriffs
  20 deep elf fighters
  8 wargs
  23 insubstantial wisps
  6 soldier ants
  48 nagas
  34 swamp worms
  A hydra simulacrum (Abyss:2)
  A mottled dragon (D:12)
  30 wolves
  6 small abominations
  10 ice beasts
  31 water moccasins
  3 hell hounds (Lair:8)
  12 porcupines
  3 wasps (Lair:8)
  40 orc warriors
  15 black bears
  An eye of draining (D:12)
  A manticore zombie (Abyss:3)
  11 ogres
  4 sky beasts
  14 swamp drakes
  19 centaurs
  A phantom (D:8)
  Sigmund (D:3)
  Duvessa (D:6)
  A boring beetle (Lair:6)
  18 crocodiles
  6 brain worms
  21 giant frogs
  15 big kobolds
  A wyvern zombie (D:7)
  8 scorpions
  11 killer bees
  10 electric eels
  5 wights (D:9)
  Dowan (D:6)
  8 crimson imps
  5 goliath beetles
  2 draconian simulacra (IceCv)
  2 quasits
  8 jellies
  3 starcursed masses (Abyss:4)
  A wasp zombie (D:10)
  26 hounds
  Crazy Yiuf (D:6)
  4 giant frog skeletons
  4 iron imps
  5 centaur skeletons
  2 hell rats
  25 orc priests
  30 orc wizards
  12 iguanas
  Natasha (thrice) (D:3)
  15 worker ants
  3 centaur simulacra (IceCv)
  18 sheep
  4 troll simulacra
  3 hound skeletons
  11 gnolls
  A naga simulacrum (IceCv)
  49 river rats
  An ogre simulacrum (IceCv)
  2 giant mites
  22 adders
  20 worms
  4 shadow imps
  9 ufetubi
  2 adder skeletons
  An adder zombie (D:7)
  11 giant geckos
  123 orcs
  2 ball pythons
  23 bats
  2 bat skeletons (D:4)
  9 giant cockroaches
  30 hobgoblins
  16 jackals
  31 kobolds
  16 quokkas
  A giant gecko zombie (D:6)
  5 giant newts
  A giant spore (D:13)
  16 goblins
  14 rats
  A spectral orc (D:2)
  2 ballistomycetes
  5 briar patches (Swamp:3)
  2 bushes
  77 fungi
  62 plants
  2 starspawn tentacles (Abyss:3)
1878 creatures vanquished.

Vanquished Creatures (collateral kills)
  A greater naga (Snake:5)
  A hydra (D:11)
2 creatures vanquished.

Vanquished Creatures (others)
  A naga sharpshooter (Snake:5)
  An ugly thing (D:14)
  A troll (D:13)
  A deep elf fighter (Elf:3)
  A fire elemental (D:11)
  3 nagas
  An orc warrior (Orc:4)
  A water moccasin (Swamp:4)
  3 lost souls (Elf:3)
  2 electric eels
  An orc wizard (Orc:4)
  2 sheep
  2 giant spores
  A ballistomycete (D:7)
  2 briar patches (Swamp:4)
  A bush (Lair:6)
  4 fungi
  10 plants
  11 starspawn tentacles
  86 starspawn tentacle segments
135 creatures vanquished.

Grand Total: 2015 creatures vanquished

Notes
Turn   | Place    | Note
--------------------------------------------------------------
     0 | D:1      | Fluffy, the Hill Orc Fighter, began the quest for the Orb.
     0 | D:1      | Reached XP level 1. HP: 19/19 MP: 1/1
    97 | D:1      | Reached XP level 2. HP: 21/26 MP: 2/2
   137 | D:1      | Reached skill level 4 in Axes
   281 | D:1      | Reached XP level 3. HP: 31/31 MP: 3/3
   881 | D:2      | Reached skill level 5 in Axes
   909 | D:2      | Reached XP level 4. HP: 26/39 MP: 4/4
   968 | D:2      | Reached skill level 6 in Axes
  1404 | D:2      | Reached XP level 5. HP: 45/45 MP: 5/5
  1654 | D:2      | Found a basalt altar of Yredelemnul.
  1989 | D:3      | Reached skill level 7 in Axes
  2012 | D:3      | Reached skill level 8 in Axes
  2012 | D:3      | Reached XP level 6. HP: 4/51 MP: 6/6
  2201 | D:3      | Found a stormy altar of Qazlal.
  2203 | D:3      | Found a glowing golden altar of the Shining One.
  2206 | D:3      | Found a blossoming altar of Fedhas.
  2208 | D:3      | Became a worshipper of Qazlal Stormbringer
  2215 | D:3      | Found a sacrificial altar of Ru.
  2216 | D:3      | Found a snail-covered altar of Cheibriados.
  2313 | D:3      | Noticed Sigmund
  2338 | D:3      | Killed Sigmund
  2419 | D:3      | Noticed Natasha
  2423 | D:3      | Killed Natasha
  2508 | D:3      | Found a deep blue altar of Sif Muna.
  2521 | D:3      | Reached skill level 9 in Axes
  2830 | D:3      | Noticed Natasha
  2835 | D:3      | Killed Natasha
  3033 | D:3      | Noticed Natasha
  3036 | D:3      | Killed Natasha
  3052 | D:4      | Noticed Zapata's ghost (average KoBe)
  3088 | D:4      | Killed Zapata's ghost
  3088 | D:4      | Reached XP level 7. HP: 42/57 MP: 7/10
  3148 | D:4      | Found a shimmering altar of Xom.
  3148 | D:4      | Noticed an angel
  3267 | D:4      | Found a glowing silver altar of Zin.
  3364 | D:4      | Reached skill level 10 in Axes
  3365 | D:4      | Acquired Qazlal's first power
  3433 | D:4      | Found Ydiutuug's Gadget Shoppe.
  3466 | D:4      | Reached XP level 8. HP: 54/66 MP: 13/15
  3637 | D:4      | Reached skill level 5 in Invocations
  3762 | D:5      | Entered Level 5 of the Dungeon
  4068 | D:5      | Found a shattered altar of Ashenzari.
  4172 | D:5      | Reached skill level 5 in Fighting
  4580 | D:6      | Noticed Grinder
  4585 | D:6      | Paralysed by Grinder for 7 turns
  4600 | D:6      | Killed Grinder
  4636 | D:6      | Acquired Qazlal's second power
  4660 | D:6      | Found Fuacrar's Antique Armour Emporium.
  4675 | D:6      | Noticed Duvessa
  4675 | D:6      | Noticed Dowan
  4682 | D:6      | Killed Duvessa
  4683 | D:6      | Killed Dowan
  4694 | D:6      | Found a white marble altar of Elyvilon.
  4694 | D:6      | Noticed an angel
  4695 | D:6      | Found a runed door.
  4718 | D:6      | Reached skill level 11 in Axes
  4718 | D:6      | Reached skill level 5 in Armour
  4753 | D:6      | Reached XP level 9. HP: 69/75 MP: 18/18
  4777 | D:6      | Found a sparkling altar of Nemelex Xobeh.
  4777 | D:6      | Found an opulent altar of Gozag.
  5019 | D:6      | Noticed Crazy Yiuf
  5039 | D:6      | Killed Crazy Yiuf
  5088 | D:6      | Found a staircase to the Ecumenical Temple.
  5178 | D:6      | Found Kiwa's Gadget Boutique.
  5620 | D:7      | Found a white marble altar of Elyvilon.
  5940 | D:7      | Acquired Qazlal's third power
  6227 | D:7      | Noticed Prince Ribbit
  6302 | D:7      | Killed Prince Ribbit
  6748 | D:8      | Reached skill level 12 in Axes
  6748 | D:8      | Reached XP level 10. HP: 88/88 MP: 21/21
  6828 | D:8      | Found a staircase to the Lair.
  6828 | D:8      | Noticed an elephant
  6886 | D:8      | Killed an elephant
  7110 | D:8      | Acquired Qazlal's fourth power
  7962 | D:8      | Found a radiant altar of Vehumet.
  8079 | D:9      | Found Mnuoff's Armour Emporium.
  8079 | D:9      | Found a staircase to the Orcish Mines.
  8233 | D:9      | Found Schefikh's Distillery.
  8283 | D:9      | Noticed an unseen horror
  8302 | D:9      | Killed an unseen horror
  8354 | D:9      | Reached skill level 10 in Invocations
  8766 | D:9      | Reached skill level 13 in Axes
  8766 | D:9      | Reached XP level 11. HP: 97/97 MP: 25/25
  8967 | D:9      | Acquired Qazlal's fifth power
  9077 | Orc:1    | Entered Level 1 of the Orcish Mines
 10181 | D:6      | Bought a transparent plate armour for 756 gold pieces
 10204 | D:6      | Identified the +3 plate armour of Duty {+Inv rF+ MR- MP+9 Dex+4} (You bought it in a shop on level 6 of the Dungeon)
 10402 | Orc:3    | Found a staircase to the Elven Halls.
 10550 | Orc:4    | Entered Level 4 of the Orcish Mines
 10550 | Orc:4    | Found Ghe Cae's Antique Armour Emporium.
 10555 | Orc:4    | Noticed an orc knight
 10558 | Orc:4    | Noticed an orc warlord
 10559 | Orc:4    | Noticed an orc high priest
 10571 | Orc:3    | Reached skill level 10 in Fighting
 10672 | Orc:3    | HP: 4/100 [orc warrior/hand axe (17)]
 10851 | Orc:4    | Noticed an orc knight
 10888 | Orc:3    | Killed an orc knight
 10888 | Orc:3    | Killed an orc warlord
 10888 | Orc:3    | Reached skill level 14 in Axes
 11050 | Orc:3    | Killed an orc knight
 11050 | Orc:3    | Reached skill level 10 in Armour
 11050 | Orc:3    | Reached XP level 12. HP: 50/110 MP: 27/27
 11209 | Orc:3    | Killed an orc high priest
 11282 | Orc:4    | Found Nias' General Store.
 11333 | Orc:4    | Found a shimmering altar of Xom.
 11422 | Orc:4    | Found Efut Nagu's Antique Weapon Emporium.
 11488 | Orc:4    | Found Koqoump's Jewellery Shoppe.
 11879 | Orc:3    | Noticed an orc warlord
 11901 | Orc:3    | Killed an orc warlord
 11915 | Orc:3    | Noticed an orc knight
 11926 | Orc:3    | Killed an orc knight
 12274 | Orc:3    | Found a roughly hewn altar of Beogh.
 12277 | Orc:3    | Noticed an orc high priest
 12296 | Orc:3    | Killed an orc high priest
 12389 | Orc:3    | Noticed an orc knight
 12414 | Orc:3    | Killed an orc knight
 12763 | Orc:4    | Reached skill level 15 in Axes
 12843 | Orc:4    | Bought the ring "Jieb" {Fire rPois Slay+2} for 579 gold pieces
 12886 | Orc:4    | Bought a pair of runed gloves for 126 gold pieces
 12939 | D:10     | Entered Level 10 of the Dungeon
 13041 | D:10     | Noticed Joseph
 13046 | D:10     | Noticed Nergalle
 13048 | D:10     | Noticed Grum
 13118 | D:10     | Killed Grum
 13139 | D:10     | Killed Nergalle
 13147 | D:10     | Killed Joseph
 14355 | D:10     | Reached XP level 13. HP: 115/118 MP: 29/29
 14588 | D:11     | Identified the Compendium of the Kangaroo (You found it on level 11 of the Dungeon)
 14652 | D:11     | Found a labyrinth entrance.
 14661 | Lab      | Entered a labyrinth
 15365 | Lab      | Noticed a minotaur
 15375 | Lab      | Killed a minotaur
 15377 | Lab      | Got a coiled ivory ring
 15402 | Lab      | Identified the cursed ring of Freedom {rN+ EV-3} (You took it off a minotaur in a labyrinth)
 15536 | D:11     | Found a staircase to the Orcish Mines.
 16728 | Lair:1   | Entered Level 1 of the Lair of Beasts
 17720 | Lair:2   | Reached skill level 16 in Axes
 18531 | Lair:2   | Gained mutation: You are somewhat resistant to further mutation. [potion of beneficial mutation]
 18633 | Lair:3   | Reached XP level 14. HP: 129/129 MP: 31/31
 18904 | Lair:3   | Got a pair of encrusted gloves
 18915 | Lair:3   | Identified the +1 pair of gloves of Unuz {Str+3 Int+5} (You found it on level 3 of the Lair of Beasts)
 19471 | Lair:4   | Noticed Snorg
 19484 | Lair:4   | Killed Snorg
 19790 | Lair:4   | Reached skill level 15 in Invocations
 19810 | Lair:4   | Found a staircase to the Snake Pit.
 20627 | Lair:5   | Reached skill level 17 in Axes
 20977 | Lair:5   | Found a staircase to the Swamp.
 21402 | Lair:6   | Noticed Rupert
 21461 | Lair:6   | Killed Rupert
 22075 | Lair:6   | Found a staircase to the Slime Pits.
 22545 | Lair:7   | Found a frozen archway.
 22592 | Lair:7   | Reached XP level 15. HP: 28/139 MP: 32/32
 22747 | IceCv    | Entered an ice cave
 22972 | IceCv    | Reached skill level 15 in Fighting
 23025 | IceCv    | Got a dazzling whip
 23083 | IceCv    | Identified the +6 whip of Departure {drain, rF+ Stlth+} (You found it in an ice cave)
 23672 | Lair:7   | Reached skill level 18 in Axes
 23890 | Lair:7   | Noticed Fannar
 23927 | Lair:7   | Killed Fannar
 24157 | Lair:8   | Entered Level 8 of the Lair of Beasts
 25018 | Lair:8   | Got a slimy lapis lazuli ring
 25020 | Lair:8   | Identified the ring "Fewkosm" {+Inv rPois rN++ Dex-3} (You found it on level 8 of the Lair of Beasts)
 25304 | Lair:8   | Found a runed door.
 25351 | Lair:8   | Reached XP level 16. HP: 111/151 MP: 34/34
 25443 | Lair:8   | Got a bloodstained ring mail
 25911 | Lair:8   | Identified the +0 ring mail of Dogma {rElec Slay+4} (You found it on level 8 of the Lair of Beasts)
 26067 | Snake:1  | Entered Level 1 of the Snake Pit
 26067 | Snake:1  | Noticed Josephine
 26072 | Snake:1  | Noticed Aizul
 26081 | Snake:1  | Killed Josephine
 26084 | Snake:1  | Killed Aizul
 26368 | Snake:1  | Noticed Donald
 26380 | Snake:1  | Killed Donald
 26836 | Snake:1  | Reached skill level 19 in Axes
 26836 | Snake:1  | Reached skill level 15 in Armour
 28747 | Snake:4  | Got a smelly ring mail
 28772 | Snake:3  | Identified the +4 ring mail of Trial and Error {rPois rF- Str-4 Int+6 Stlth+} (You found it on level 4 of the Snake Pit)
 29653 | Snake:5  | Entered Level 5 of the Snake Pit
 29737 | Snake:5  | Reached XP level 17. HP: 98/161 MP: 35/35
 30490 | Snake:5  | Reached skill level 20 in Axes
 31403 | Snake:5  | Upgraded the game from 0.16.1-2-g95b8d4c to 0.16.1-4-g8e1b745
 32025 | Snake:5  | Got a serpentine rune of Zot
 32213 | Snake:5  | Found a snail-covered altar of Cheibriados.
 32553 | Swamp:1  | Entered Level 1 of the Swamp
 32899 | D:12     | Reached XP level 18. HP: 148/172 MP: 36/36
 33005 | D:12     | Found a sacrificial altar of Ru.
 33555 | D:13     | Found Mnitt's Antique Weapon Emporium.
 33910 | D:13     | Bought a runed battleaxe for 182 gold pieces
 33917 | D:13     | Cast into the Abyss (a distortion unwield)
 34055 | Abyss:1  | Noticed a lich
 34091 | Abyss:2  | Found a corrupted altar of Lugonu.
 34324 | Abyss:2  | Gained mutation: You passively map a small area around you. [a shining eye]
 34406 | Abyss:2  | Found a corrupted altar of Lugonu.
 34407 | Abyss:2  | Noticed a lich
 34415 | Abyss:2  | Noticed a Brimstone Fiend
 34422 | Abyss:2  | Found a corrupted altar of Lugonu.
 34533 | Abyss:3  | Found a corrupted altar of Lugonu.
 34534 | Abyss:3  | Found a corrupted altar of Lugonu.
 34586 | Abyss:3  | Found a corrupted altar of Lugonu.
 34592 | Abyss:3  | Noticed an ancient lich
 34701 | Abyss:3  | Reached skill level 21 in Axes
 34774 | Abyss:3  | Noticed a hellephant
 34777 | Abyss:3  | Gained mutation: You are dopey. (Int -2) [mutagenic glow]
 34918 | D:13     | Escaped the Abyss
 35296 | D:14     | Found a gate to the Vaults.
 35819 | D:15     | Entered Level 15 of the Dungeon
 36012 | D:15     | Found a portal to a secret trove of treasure.
 36070 | D:15     | Noticed Erica
 36077 | D:15     | Killed Erica
 36224 | D:15     | Noticed Sonja
 36383 | D:15     | Identified a scroll of acquirement
 36448 | D:15     | Found a staircase to the Depths.
 38156 | Swamp:2  | Got a scintillating platinum ring
 38158 | Swamp:2  | Identified the ring of Trog's Hope {+Inv rPois} (You found it on level 2 of the Swamp)
 38482 | Swamp:3  | Reached XP level 19. HP: 147/181 MP: 37/37
 39324 | Swamp:4  | Noticed Jorgrun
 39341 | Swamp:4  | Killed Jorgrun
 39897 | Swamp:5  | Entered Level 5 of the Swamp
 39936 | Swamp:5  | Noticed Louise
 39948 | Swamp:5  | Killed Louise
 39959 | Swamp:5  | Noticed Roxanne
 39983 | Swamp:5  | Killed Roxanne
 40275 | Swamp:5  | Noticed Frances
 40285 | Swamp:5  | Killed Frances
 40315 | Swamp:5  | Noticed the 27-headed Lernaean hydra
 40322 | Swamp:5  | Killed the 26-headed Lernaean hydra
 40322 | Swamp:5  | Reached skill level 22 in Axes
 41223 | Swamp:5  | Got a decaying rune of Zot
 41619 | Elf:1    | Entered Level 1 of the Elven Halls
 42372 | Elf:2    | Noticed Saint Roka
 42448 | Elf:1    | Killed Saint Roka
 42561 | Elf:2    | Reached XP level 20. HP: 173/193 MP: 39/39
 42698 | Elf:2    | Found Saeggar's General Store.
 42813 | Elf:2    | Found a runed gate.
 42829 | Elf:2    | Found a runed gate.
 42829 | Elf:2    | Found a runed gate.
 43161 | Elf:2    | Noticed Asterion
 43198 | Elf:2    | Killed Asterion
 43347 | Elf:2    | Noticed Wiglaf
 43360 | Elf:2    | Killed Wiglaf
 43711 | Elf:3    | Entered Level 3 of the Elven Halls
 44079 | Elf:3    | Cast into the Abyss (a deep elf sorcerer)
 44089 | Abyss:1  | Killed from afar by a hellephant

Action                   |  1- 3 |  4- 6 |  7- 9 | 10-12 | 13-15 | 16-18 | 19-21 || total
-------------------------+-------+-------+-------+-------+-------+-------+-------++-------
Melee: War axe           |   100 |   243 |   156 |   633 |  1526 |  1690 |       ||  4348
       Broad axe         |       |       |   315 |   273 |       |       |       ||   588
       Whip              |       |       |       |       |    19 |    43 |    49 ||   111
       Executioner's axe |       |       |       |       |       |   168 |   573 ||   741
Invok: Elemental Force   |       |       |       |       |       |     2 |       ||     2
       Disaster Area     |       |       |       |       |       |     1 |     2 ||     3
       Upheaval          |       |       |       |       |       |       |     7 ||     7
 Abil: Evoke Invisibilit |       |       |       |       |     1 |       |       ||     1
Evoke: Wand              |       |       |     7 |       |    18 |     6 |       ||    31
  Use: Scroll            |       |    11 |     3 |     4 |    16 |     7 |     7 ||    48
       Potion            |       |     1 |       |     4 |     3 |     2 |     2 ||    12
 Stab: Invisible         |       |       |     2 |       |     3 |     2 |       ||     7
       Petrifying        |       |       |       |       |       |     1 |       ||     1
       Confused          |       |       |       |       |       |       |     1 ||     1
  Eat: Chunk             |       |     9 |    13 |    33 |    46 |    54 |    21 ||   176
       Fruit             |       |       |     1 |       |     1 |       |       ||     2
       Beef jerky        |       |       |       |       |       |     3 |     1 ||     4
       Pizza             |       |       |       |       |       |     1 |       ||     1
